 Dungeon Crawl Stone Soup version 0.30-a0-723-gc1506a1cf0 (webtiles) character file.

Game seed: 15278172520733777978

15 hbarley the Shield-Bearer (level 2, -1/26 HPs)
             Began as a Gnoll Wanderer on Jan 28, 2023.
             Slain by a worm (9 damage)
             ... on level 2 of the Dungeon on Jan 29, 2023.
             The game lasted 00:03:29 (823 turns).

hbarley the Shield-Bearer (Gnoll Wanderer)           Turns: 823, Time: 00:03:30

Health: -1/26      AC:  8    Str: 13    XL:     2   Next: 50%
Magic:  5/5        EV:  5    Int:  9    God:
Gold:   58         SH:  7    Dex: 11    Spells: 5/6 levels left

rFire   . . .      SeeInvis .    a - +0 club
rCold   . . .      Faith    .    e - +2 buckler
rNeg    . . .      Spirit   .    m - +0 chain mail
rPois   .          Reflect  .    (no helmet)
rElec   .          Harm     .    (no cloak)
rCorr   +          Rampage  .    (no gloves)
Will    .....                    (no boots) Stlth
                                 (no amulet)
HPRegen 0.24/turn                g - ring of resist corrosion
MPRegen 0.09/turn                (no ring)

@: no status effects
A: fangs 1, strong nose, distributed training
a: no special abilities


You were on level 2 of the Dungeon.
You visited 1 branch of the dungeon, and saw 2 of its levels.

You collected 58 gold pieces.

Inventory:

Hand Weapons
 a - a +0 club (weapon)
Armour
 d - a +0 leather armour
 e - a +2 buckler (worn)
 f - a +0 scale mail
 m - a +0 chain mail (worn)
Jewellery
 g - a ring of resist corrosion (left hand)
Scrolls
 c - a scroll of fear
 i - a scroll of identify {unknown}
Potions
 b - a potion of curing
 h - 2 potions of might {unknown}
 j - 2 potions of ambrosia {unknown}
 k - a potion of haste {unknown}
 l - 2 potions of lignification {unknown}


   Skills:
 + Level 4.5 Fighting
 + Level 0.5 Short Blades
 + Level 0.5 Long Blades
 + Level 0.5 Axes
 + Level 0.5 Maces & Flails
 + Level 0.5 Polearms
 + Level 0.5 Staves
 + Level 0.5 Ranged Weapons
 + Level 0.5 Throwing
 + Level 2.5 Armour
 + Level 0.5 Dodging
 + Level 0.5 Stealth
 + Level 6.5 Shields
 + Level 0.5 Unarmed Combat
 + Level 2.7 Spellcasting
 + Level 0.3 Conjurations
 + Level 0.3 Hexes
 + Level 3.7 Summonings
 + Level 0.3 Necromancy
 + Level 0.3 Translocations
 + Level 0.3 Transmutations
 + Level 0.3 Fire Magic
 + Level 0.3 Ice Magic
 + Level 0.3 Air Magic
 + Level 0.3 Earth Magic
 + Level 0.3 Poison Magic
 + Level 0.6 Invocations
 + Level 2.5 Evocations


You had 5 spell levels left.
You knew the following spells:

 Your Spells              Type           Power      Damage    Failure   Level
a - Summon Small Mammal   Summ           28%        N/A       95%         1

Your spell library contained the following spells:

 Spells                   Type           Power      Damage    Failure   Level
 Call Canine Familiar     Summ           7%         N/A       100%        3


Dungeon Overview and Level Annotations

Branches:
Dungeon (2/15)

Altars:


Innate Abilities, Weirdness & Mutations

You have very sharp teeth.
Your uncanny sense of smell can sniff out nearby items.
Your experience applies equally to all skills.


Message History

You kill the kobold!
The rat barely misses you. You block the rat's attack.
You hit the rat.
You kill the rat!
The frilled lizard bites you but does no damage.
You miss the frilled lizard. The frilled lizard barely misses you.
You closely miss the frilled lizard. The frilled lizard bites you.
You block the frilled lizard's attack.
You miss the frilled lizard. You block the frilled lizard's attack.
You closely miss the frilled lizard. Your bite misses the frilled lizard.
The frilled lizard bites you but does no damage.
You barely miss the frilled lizard. You block the frilled lizard's attack.
The frilled lizard barely misses you.
You miss the frilled lizard.
The frilled lizard bites you but does no damage.
You hit the frilled lizard.
The frilled lizard is heavily wounded.
The frilled lizard barely misses you.
You hit the frilled lizard.
You kill the frilled lizard!
You hit the worm.
The worm is lightly wounded.
You block the worm's attack.
You hit the worm but do no damage.
The worm is lightly wounded.
You hit the worm.
The worm is moderately wounded.
The worm bites you!
You completely miss the worm.
The worm is moderately wounded.
The worm bites you.
You hit the worm but do no damage.
The worm is lightly wounded.
The worm bites you.
You hit the worm but do no damage.
The worm is lightly wounded.
You hit the worm.
The worm is moderately wounded.
The worm bites you!
You die...

#...# #. #...#
#.. #...# ....
#...# #+#...#
#...# .......
+...+ .......
###[.)##.......
#....@w<.....#
#.######....##
...## ...#
###.. ... ...
..


You could see a worm.

Vanquished Creatures
  An endoplasm (D:1)
  4 hobgoblins (D:1)
  3 kobolds
  2 ball pythons (D:1)
  2 frilled lizards
  2 rats
14 creatures vanquished.

Notes
Turn   | Place    | Note
-------+----------+-------------------------------------------
     0 | D:1      | hbarley the Gnoll Wanderer began the quest for the Orb.
     0 | D:1      | hbarley set off with the following items: a +0 club, a
                  | potion of curing, a scroll of fear, a +0 leather armour, a
                  | +2 buckler; and the following spell memorised: Summon Small
                  | Mammal; and the following spells available to memorise:
                  | Call Canine Familiar.
     0 | D:1      | Reached XP level 1. HP: 20/20 MP: 4/4
   189 | D:1      | Found a faded altar of an unknown god.
   301 | D:1      | Reached XP level 2. HP: 25/26 MP: 5/5
   823 | D:2      | Slain by a worm

Illustrated notes

Levels and vault maps discovered:
D:1:      erik_arrival_cave_to_civilisation [erik_arrival_cave_to_hall],
          layout_loops_ring, ebering_ecumenical_altar_mist
D:2:      layout_basic, minmay_splitting_lines

Action                     || total
---------------------------++-------
  Melee: Club              ||    71
         Bite              ||     5
 Armour: Scale mail        ||    17
         Chain mail        ||     9
  Dodge: Dodged            ||    21
  Block: Buckler           ||    26

Table legend: (Time is in decaauts)
 A = Elapsed time spent in this place.
 B = Non-inter-level travel time spent in this place.
 C = Inter-level travel time spent in this place.
 D = Time resting spent in this place.
 E = Time spent auto-exploring this place.
 F = Levels seen in this place.
 G = Mean time per level.
                   A        B        C        D        E       F      G
               +--------+--------+--------+--------+--------+-----+--------+
         Total |    845 |    754 |     91 |      0 |    575 |   2 |  422.5 |
       Dungeon |    845 |    754 |     91 |      0 |    575 |   2 |  422.5 |
               +--------+--------+--------+--------+--------+-----+--------+

Top non-repeatable levels by time:
     D:1: 813 daAuts
     D:2: 32 daAuts
